AoeStats
← CDS95

Arena

507604438Analyzed
1v1 RM · 11d ago on Sep 19, 2026· 38m 31s· 2 players
Game mode
Random Map
Map size
Tiny (2 player)
Population
200
Speed
Normal
Resources
Standard
Victory
Conquest
Starting age
Dark Age
Ending age
Imperial Age
RankedLock teamsTeams togetherTeam positionsShared explorationLock speedFull tech treeHidden civsTurbo modeCheats
Victory
Defeat
🇪🇸 Vietnamese · Spain
1011
+17
🇲🇽 Britons · Mexico
1041
-17
CDS95
11:27 Feudal Age
15:14 Castle Age
14:31 Double-Bit Axe
14:29 Horse Collar
14:45 Gold Mining
16:47 Bow Saw
18:09 Loom
22:57 Heavy Plow
30:24 Imperial Age
29:09 Wheelbarrow
28:35 Stone Mining
31:37 Fletching
31:47 Padded Archer Armor
31:15 Elite Skirmisher
32:01 Thumb Ring
32:49 Bodkin Arrow
33:04 Imperial Skirmisher
34:01 Bracer
35:15 Chemistry
35:05 Ballistics
36:13 Pikeman
36:54 Squires
37:02 Scale Mail Armor
37:13 Forging
38:44 Two-Man Saw
38:05 Hand Cart
37:36 Town Watch
39:21 Leather Archer Armor
VX | Insulini
10:28 Feudal Age
9:16 Loom
14:37 Castle Age
12:39 Double-Bit Axe
13:51 Horse Collar
15:47 Loom
17:50 Fletching
18:23 Stone Mining
19:12 Gold Mining
21:01 Padded Archer Armor
26:00 Bodkin Arrow
30:34 Bow Saw
33:09 Bodkin Arrow
34:05 Leather Archer Armor
36:50 Heavy Plow
Connection lost

Rejoining the realm…

Still unreachable

The connection could not be restored.

Session expired

The server has moved on; the page needs a fresh start.